Map: Acid Plant LE

Players

puCK (Nina)

  • Race: Protoss Protoss
  • Spawn Location: 11:00

DnS - Winner!

  • Race: Protoss Protoss
  • Spawn Location: 5:00

Event: WCS Valencia 2018

VOD

Have the link to the VOD?

Description

Time

  • Played on: July 12, 2018, 1:28 p.m.
  • Length: 13:08

All games in this series

Show
View Real Time Build Order
Export as new Build Order

puCK Protoss 

Build Orders: Blink Stalkers 

Get SALT Encoding   

  12  0:00  Probe  
  13  0:12  Probe  
  14  0:17  Pylon  
  14  0:24  Probe  
  15  0:32  Probe  
  15  0:37  Gateway  
  15  0:40  Probe  
  16  0:46  Assimilator  
  17  0:51  Probe  
  17  0:54  Assimilator  
  18  0:59  Probe  
  19  1:07  Probe  
  19  1:08  Gateway  
  19  1:18  Probe  
  20  1:25  Cybernetics Core  
  21  1:30  Probe  
  22  1:36  Pylon  
  22  1:42  Probe  
  23  1:54  Probe  
  24  2:02  Stalker x2  
  24  2:05  Warp Gate  
  28  2:15  Pylon  
  28  2:25  Twilight Council  
  28  2:33  Stalker  
  30  2:39  Stalker  
  32  2:52  Blink  
  32  3:04  Stalker  
  32  3:11  Stalker  
  34  3:29  Nexus  
  34  3:36  Shield Battery  
  34  3:51  Probe  
  34  3:55  Pylon  
  35  4:05  Probe  
  35  4:09  Stalker  
  38  4:13  Stalker  
  40  4:17  Probe  
  41  4:24  Forge  
  41  4:30  Probe  
  42  4:40  Probe  
  42  4:41  Protoss Ground Weapons Level 1  
  42  4:42  Stalker x2, Probe  
  47  4:52  Probe  
  47  4:54  Probe  
  47  4:58  Shield Battery  
  46  5:05  Probe  
  46  5:06  Probe  
  48  5:08  Stalker  
  50  5:17  Probe  
  50  5:18  Probe  
  52  5:23  Stalker  
  54  5:29  Probe  
  54  5:30  Probe  
  54  5:32  Pylon  
  56  5:40  Robotics Facility  
  56  5:41  Probe  
  56  5:42  Probe  
  58  5:48  Assimilator  
  58  5:51  Stalker, Assimilator  
  58  5:53  Probe  
  58  5:54  Probe  
  58  5:55  Stalker  
  64  6:00  Pylon  
  64  6:15  Stalker  
  62  6:19  Immortal  
  62  6:21  Gateway  
  62  6:22  Gateway  
  62  6:24  Stalker  
  68  6:38  Stalker  
  54  6:48  Stalker  
  50  6:57  Immortal  
  50  7:00  Probe  
  44  7:04  Stalker  
  44  7:05  Probe  
  51  7:08  Probe  
  51  7:12  Sentry  
  51  7:13  Probe  
  54  7:17  Sentry, Probe  
  54  7:18  Stalker  
  54  7:22  Probe  
  60  7:26  Probe  
  62  7:30  Shield Battery  
  62  7:33  Probe  
  62  7:35  Sentry  
  65  7:39  Probe  
  65  7:40  Robotics Bay  
  66  7:45  Observer  
  66  7:53  Probe  
  66  7:54  Probe  
  66  7:56  Stalker  
  71  8:00  Stalker  
  71  8:05  Probe  
  74  8:12  Robotics Facility  
  74  8:13  Stalker  
  74  8:16  Pylon  
  76  8:21  Pylon  
  76  8:22  Disruptor  
  79  8:38  Nexus  
  79  8:46  Pylon  
  79  8:49  Disruptor  
  79  8:54  Stalker  
  79  8:55  Stalker  
  83  9:02  Disruptor  
  86  9:08  Probe  
  86  9:09  Probe  
  91  9:20  Disruptor, Probe  
  95  9:37  Disruptor  
  95  9:38  Zealot x2  
  95  9:42  Pylon  
  95  9:45  Dark Shrine  
  101  10:03  Disruptor  
  101  10:04  Disruptor  
  104  10:10  Zealot x4  
  115  10:32  Stalker x3  
  115  10:34  Pylon  
  115  10:35  Probe, Protoss Ground Weapons Level 2  
  122  10:36  Probe  
  122  10:37  Pylon  
  122  10:40  Probe  
  124  10:45  Photon Cannon  
  124  10:48  Probe  
  125  10:52  Probe  
  125  10:53  Assimilator  
  124  10:58  Assimilator  
  124  10:59  Dark Templar  
  124  11:00  Dark Templar  
  124  11:03  Probe  
  127  11:12  Probe x2  
  127  11:14  Stalker x2  
  133  11:24  Photon Cannon  
  133  11:27  Probe x2  
  133  11:28  Probe  
  133  11:32  Photon Cannon  
  136  11:33  Pylon  
  136  11:39  Probe x2  
  138  11:44  Disruptor x2, Probe  
  112  12:19  Disruptor  
  112  12:20  Dark Templar  
  89  12:30  Probe  
  89  12:31  Dark Templar  
  65  12:53  Stalker  
  65  12:54  Stalker x2  
Show
View Real Time Build Order
Export as new Build Order

DnS Protoss - Winner!

Build Orders: Oracle Opening, Phoenix Opening, Blink Stalkers 

Get SALT Encoding   

  12  0:00  Probe  
  13  0:12  Probe  
  14  0:17  Pylon  
  14  0:23  Probe  
  15  0:32  Probe  
  15  0:37  Gateway  
  15  0:40  Probe  
  16  0:46  Assimilator  
  17  0:50  Probe  
  17  0:54  Assimilator  
  18  0:58  Probe  
  19  1:06  Probe  
  20  1:13  Gateway  
  20  1:17  Probe  
  20  1:24  Cybernetics Core  
  21  1:29  Probe  
  22  1:34  Pylon  
  22  1:41  Probe  
  23  1:53  Probe  
  24  2:01  Stalker x2  
  26  2:02  Warp Gate  
  26  2:05  Probe  
  29  2:11  Pylon  
  29  2:23  Stargate  
  29  2:35  Stalker  
  31  2:39  Stalker  
  31  3:02  Oracle  
  31  3:09  Nexus  
  34  3:20  Shield Battery  
  34  3:22  Probe  
  35  3:36  Twilight Council, Probe  
  35  3:37  Phoenix  
  36  3:44  Blink  
  38  3:52  Probe  
  39  4:20  Probe x2  
  39  4:21  Stalker  
  43  4:29  Stalker  
  45  4:32  Probe x2  
  47  4:44  Probe  
  47  4:45  Gateway  
  48  4:46  Pylon  
  48  4:47  Gateway  
  48  4:49  Probe  
  49  4:56  Stalker, Probe  
  49  4:59  Stalker  
  54  5:04  Probe  
  55  5:07  Pylon  
  55  5:09  Probe  
  56  5:16  Probe  
  56  5:18  Assimilator  
  56  5:21  Probe  
  58  5:25  Stalker  
  58  5:26  Stalker  
  62  5:29  Probe  
  62  5:30  Pylon  
  62  5:33  Probe  
  62  5:34  Assimilator  
  64  5:41  Probe  
  62  5:45  Stalker x2, Probe  
  67  5:51  Stalker  
  67  5:53  Stalker  
  71  5:57  Probe x2  
  73  6:04  Robotics Facility  
  72  6:18  Stalker x2  
  72  6:19  Stalker  
  72  6:23  Pylon  
  78  6:31  Forge  
  78  6:40  Probe  
  78  6:42  Protoss Ground Weapons Level 1  
  75  6:47  Stalker x4  
  73  6:56  Charge  
  71  7:02  Nexus  
  71  7:04  Observer  
  72  7:22  Templar Archives  
  72  7:23  Gateway x2  
  72  7:31  Immortal  
  72  7:38  Gateway x2  
  76  7:46  Sentry, Zealot  
  76  7:47  Zealot  
  76  7:51  Zealot  
  84  8:01  Pylon x2  
  84  8:04  Observer  
  84  8:06  Protoss Ground Weapons Level 2  
  87  8:21  High Templar  
  87  8:22  Zealot x4, High Templar  
  87  8:26  Archon  
  97  8:31  Shield Battery  
  97  8:34  Pylon  
  97  8:38  Zealot  
  97  8:39  Zealot  
  101  8:43  Pylon  
  101  8:50  Zealot x2, High Templar x2  
  101  8:54  Archon  
  109  9:00  Warp Prism  
  109  9:02  Zealot x2  
  115  9:14  Probe x3  
  115  9:16  High Templar  
  115  9:17  Zealot x2, High Templar  
  122  9:21  Pylon, Archon  
  126  9:26  Probe x2  
  128  9:32  Probe  
  129  9:43  Zealot x6  
  141  9:45  Pylon  
  141  10:03  Pylon  
  141  10:04  High Templar x2, Pylon  
  141  10:05  Zealot x2  
  149  10:08  Archon  
  149  10:15  Phoenix  
  149  10:22  Probe x3  
  149  10:23  Stargate  
  152  10:30  Dark Shrine  
  152  10:31  Phoenix  
  152  10:38  Probe x2  
  152  10:39  Probe  
  152  10:40  Assimilator  
  152  10:41  Pylon  
  152  10:42  Pylon, Assimilator  
  157  10:44  Pylon  
  157  10:50  Probe x2  
  157  10:51  Probe  
  157  10:52  Phoenix  
  162  11:08  Phoenix  
  162  11:13  Probe x2  
  162  11:18  Zealot x5  
  170  11:25  Phoenix  
  164  11:27  Photon Cannon  
  164  11:29  Photon Cannon  
  164  11:32  Phoenix  
  166  11:41  Phoenix  
  166  11:44  Dark Templar  
  167  11:51  Zealot x6  
  181  12:00  Phoenix  
  167  12:13  Phoenix  
  149  12:24  Phoenix  
  149  12:25  Dark Templar x3  
  149  12:26  Zealot x5  
  141  12:38  Phoenix  
  129  12:58  Zealot x8  
Tags
 
Add a new tag
Caveats
  • Supply blocks, unpowered buildings, or Contaminate may cause inaccurate times.
  • Supply counts are checked every 10 seconds.